 Dungeon Crawl Stone Soup version 0.29.1-debian-4-g95531337e3 (webtiles) character file.

Game seed: 2749751810968018958

55 Colgate the Insei (level 3, 0/23 HPs)
             Began as an Octopode Transmuter on Sept 13, 2022.
             Slain by an orc wizard
             ... wielding a +0 dagger
              (3 damage)
             ... on level 3 of the Dungeon.
             The game lasted 00:09:25 (3098 turns).

Colgate the Insei (Octopode Transmuter)             Turns: 3098, Time: 00:09:25

Health: 0/23       AC:  1    Str:  9    XL:     3   Next: 93%
Magic:  0/6        EV: 13    Int: 17    God:
Gold:   149        SH:  0    Dex: 12    Spells: 0/6 levels left

rFire   . . .      SeeInvis .     - Unarmed
rCold   . . .      Faith    .   (no shield)
rNeg    . . .      Spirit   .   (helmet restricted)
rPois   .          Reflect  .   i - amulet of regeneration
rElec   .          Harm     .   (no ring)
rCorr   .          Rampage  .   (no ring)
Will    .....                   (no ring)
Stlth   +++.......              (no ring)
HPRegen 0.87/turn               (no ring)
MPRegen 0.10/turn               (no ring)
                                (no ring)
                                (no ring)

@: very slightly contaminated
A: almost no armour, amphibious, 8 rings, camouflage 1, gelatinous body 1,
(nimble swimmer 1), tentacles
a: no special abilities


You were on level 3 of the Dungeon.
You visited 1 branch of the dungeon, and saw 4 of its levels.

You collected 149 gold pieces.

Inventory:

Jewellery
 i - an amulet of regeneration (around mantle)
Scrolls
 d - 2 scrolls of teleportation {unknown}
 e - 3 scrolls of identify {unknown}
 k - a scroll of fog {unknown}
Potions
 a - 2 potions of lignification
 b - a potion of cancellation {unknown}
 c - a potion of mutation {unknown}
 f - a potion of attraction {unknown}
 g - a potion of haste {unknown}
 h - 2 potions of curing {unknown}
 j - a potion of berserk rage {unknown}
 l - 2 potions of ambrosia {unknown}


   Skills:
 - Level 1.0 Fighting
 - Level 2.0 Dodging
 - Level 1.1 Stealth
 + Level 4.4 Unarmed Combat
 - Level 2.0 Spellcasting
 - Level 2.0 Transmutations
 - Level 1.1 Poison Magic


You couldn't memorise any spells.
You knew the following spells:

 Your Spells              Type           Power      Damage    Failure   Level
a - Beastly Appendage     Tmut           16%        N/A       9%          1
b - Wereblood             Tmut           8%         N/A       13%         2
c - Spider Form           Tmut/Pois      7%         N/A       30%         3

Your spell library contained the following spells:

 Spells                   Type           Power      Damage    Failure   Level
 Ice Form                 Ice/Tmut       5%         N/A       77%         4


Dungeon Overview and Level Annotations

Branches:
Dungeon (4/15)
 Temple: D:4-7

Altars:


Innate Abilities, Weirdness & Mutations

You cannot wear most types of armour.
You are amphibious.
You can wear up to eight rings at the same time.
Your skin changes colour to match your surroundings (Stealth+).
Your rubbery body absorbs attacks. (AC +1, EV +1)
((You are camouflaged when in or above water. (Stealth+)))
You have tentacles for arms and can constrict up to eight enemies at once.


Message History

The orc closely misses you. The orc barely misses you.
You climb downwards.
Reactivating autopickup.
There is a stone staircase leading up here.
Casting: Spider Form (extremely dangerous; 30% risk of failure)
You miscast Spider Form.
You are very lightly contaminated with residual magic.
Nothing appears to happen.
The orc hits you with a +0 short sword. The orc misses you.
The orc completely misses you.
Casting: Spider Form (extremely dangerous; 30% risk of failure)
You miscast Spider Form.
Nothing appears to happen.
The orc misses you. The orc closely misses you.
The orc hits you with a +0 hand axe.
Casting: Spider Form (extremely dangerous; 30% risk of failure)
You don't have enough magic to cast this spell.
The orc closely misses you. The orc barely misses you.
The orc closely misses you.
You climb upwards.
There is a stone staircase leading down here.
You barely miss the orc. Your grab misses the orc.
The orc hits you with a +0 hand axe. The orc barely misses you.
The orc hits you with a +0 whip.
You tentacle-slap the orc. You grab the orc. You squeeze the orc.
You constrict the orc. The orc misses you.
The orc hits you with a +0 short sword.
You completely miss the orc. You constrict the orc.
You kill the orc!
You hear some strange, mumbled words.
Deactivating autopickup; reactivate with Ctrl-A.
Something tries to affect you, but you resist.
You tentacle-slap the orc but do no damage.
You grab the orc.
You constrict the orc, but do no damage.
The orc hits you with a +0 hand axe. The orc hits you with a +0 whip.
You tentacle-slap the orc but do no damage.
You constrict the orc. The orc hits you with a +0 hand axe.
* * * LOW HITPOINT WARNING * * *
The orc hits you with a +0 whip.
* * * LOW HITPOINT WARNING * * *
Something hits you.
You die...

#. #.#.. #.
#.#.# ##
#...####
#####......#
...#......#
#........#
#..o.....#
#.o@)....#
#...{..####
#.....##
#../..#
#.....#
#.....#
#.....#
#######


You could see 2 orcs.

Vanquished Creatures
  3 dart slugs (D:1)
  2 orcs
  2 giant cockroaches
  6 goblins
  4 hobgoblins
  7 jackals (D:1)
  2 quokkas
  7 ball pythons
  4 bats
  2 frilled lizards
  3 kobolds
  A rat (D:2)
43 creatures vanquished.

Vanquished Creatures (others)
  8 plants (D:2)
8 creatures vanquished.

Grand Total: 51 creatures vanquished

Notes
Turn   | Place    | Note
-------+----------+-------------------------------------------
     0 | D:1      | Colgate the Octopode Transmuter began the quest for the
                  | Orb.
     0 | D:1      | Reached XP level 1. HP: 13/13 MP: 3/3
    33 | D:1      | Reached skill level 1 in Stealth
   135 | D:1      | Reached XP level 2. HP: 13/18 MP: 5/5
   882 | D:1      | Reached skill level 4 in Unarmed Combat
   882 | D:1      | Reached XP level 3. HP: 22/23 MP: 4/6
   885 | D:1      | Learned a level 2 spell: Wereblood
   889 | D:1      | Learned a level 3 spell: Spider Form
  1278 | D:1      | Reached skill level 1 in Poison Magic
  3098 | D:3      | Slain by an orc wizard

Illustrated notes

Levels and vault maps discovered:
D:1:      matt_arrival_grand_opening, layout_basic
D:2:      layout_loops_cross, serial_bayou, serial_bayou_lake_a,
          serial_bayou_pond_c, serial_bayou_ford_a, serial_bayou_shore_a
D:3:      layout_basic, general_overflow_altar, mainiacjoe_overflow_alcove_1,
          serial_shops, shop, minmay_misc_feat_ornament, uniq_grinder,
          uniq_sigmund
D:4:      layout_basic, fedhas_altar_3, nicolae_ru_path_of_blood,
          minmay_manual_moon

Skill      XL: |  1  2  3 |
---------------+----------+-----
Stealth        | 1 |  1.1
Unarmed Combat | 4 |  4.4
Poison Magic   | 1 |  1.1
Fighting       | |  1.0
Dodging        | |  2.0
Spellcasting   | |  2.0
Transmutations | |  2.0

Action                   || total
-------------------------++-------
Melee: Unarmed           ||    93
       Constrict         ||    23
       Tentacles         ||     8
       Punch             ||     2
       Kick              ||     4
 Cast: Beastly Appendage ||     6
       Spider Form       ||    12
       Wereblood         ||     3
 Stab: Sleeping          ||     6
Armor: Skin              ||     6
Dodge: Dodged            ||    66
